 Dungeon Crawl Stone Soup version 0.31.0-11-ge490571c62 (webtiles) character file.

Game seed: 2558546609917448516

26 qw the Shooter (level 2, -1/14 HPs)
             Began as a Spriggan Hunter on Feb 3, 2024.
             Succumbed to their own poison gas
             ... on level 2 of the Dungeon.
             The game lasted 00:00:03 (1262 turns).

qw the Shooter (Spriggan Hunter)                    Turns: 1262, Time: 00:00:03

Health: -1/14      AC:  4    Str:  7    XL:     2   Next: 89%
Magic:  3/3        EV: 19    Int: 10    God:
Gold:   107        SH:  0    Dex: 18    Spells: 1/1 levels left

rFire   . . .        a - +1 shortbow
rCold   . . .        (shield currently unavailable)
rNeg    . . .        c - +0 robe
rPois   .            f - +2 hat
rElec   .            (no cloak)
rCorr   .            (gloves unavailable)
SInv    +            (boots unavailable)
Will    .....        (no amulet)
Stlth   ++           (no ring)
HPRegen 0.22/turn    (no ring)
MPRegen 0.08/turn

%: no passive effects
@: lethally poisoned (-1 -> -7), very quick
A: very small, no large weapons, unfitting armour, see invisible, speed 3
a: no special abilities


You were on level 2 of the Dungeon.
You visited 1 branch of the dungeon, and saw 2 of its levels.

You collected 107 gold pieces.


Innate Abilities, Weirdness & Mutations

You are very small and have problems with some larger weapons.
You are too small for most types of armour.
You have supernaturally acute eyesight. (SInv)
You cover ground extremely quickly. (Speed+++)


   Skills:
 - Level 1.5 Fighting
 + Level 4.3 Ranged Weapons
 - Level 4.0 Dodging
 - Level 1.5 Stealth


You had one spell level left.
You didn't know any spells.
Your spell library was empty.

Inventory:

Hand Weapons
 a - a +1 shortbow (weapon)
Armour
 c - a +0 robe (worn)
 f - a +2 hat (worn)
Potions
 d - a potion of ambrosia {unknown}
 g - a potion of degeneration {unknown}
 h - a potion of enlightenment {unknown}

Dungeon Overview and Level Annotations

Branches:
Dungeon (2/15)

Altars:

Shops:
D:1 [


Message History

You shoot an arrow. The arrow hits the ball python!
You kill the ball python!
Found 6 stones.
You now have 107 gold pieces (gained 12).
Done exploring.
Done exploring.
1255 ||| READING scroll labelled GOWNEWIY VOUMM.
The air fills with toxic fumes!
As you read the scroll labelled GOWNEWIY VOUMM, it crumbles to dust.
It was a scroll of poison.
Done exploring.
1256 ||| READING scroll labelled XITYNGA RUWKAE.
As you read the scroll labelled XITYNGA RUWKAE, it crumbles to dust.
It is a scroll of enchant weapon.
1256 ||| ENCHANTING +0 shortbow.
Your +0 shortbow glows red for a moment.
Done exploring.
What level of the Dungeon? (default 2, ? - help) Sorry, I don't know how to get there.
Enter note:
Enter note:
Enter note:
Enter note:
Enter note:
Enter note:
Enter note:
Enter note:
Enter note: You are engulfed in poison gas.
You are lethally poisoned!
You feel very sick.
1258 ||| Stepping ~*~*~tactically~*~*~ (cloud).
You feel sick.
There is a lethal amount of poison in your body!
You feel very sick.
There is a lethal amount of poison in your body!
You feel sick.
There is a lethal amount of poison in your body!
You feel sick.
There is a lethal amount of poison in your body!
You die...

#.##.#.###...######
#.##.........# #
###.####.###...######
#(..# #.............
#.### ##############
#.##########.........
#.##00...........####
#.##¤#######.###.#
#.##@# #.# #.# #.##¤#
#.# #.# #.##¤# #.#
#)# #.##¤# ###.# #.#
#.##¤# #.>.# #.#
#.##0# #.### #.#
#.##0# #.# #.# #.##.#
#.# #.#
#.##.#####.#####.#


There were no monsters in sight!

Vanquished Creatures
  A dart slug (D:2)
  2 bats (D:2)
  2 endoplasms
  A giant cockroach (D:1)
  3 goblins
  2 hobgoblins (D:1)
  6 ball pythons
  2 frilled lizards
  2 kobolds
  4 rats
25 creatures vanquished.

Notes
Turn   | Place    | Note
-------+----------+-------------------------------------------
     0 | D:1      | qw the Spriggan Hunter began the quest for the Orb.
     0 | D:1      | Reached XP level 1. HP: 10/10 MP: 2/2
     0 | D:1      | 0 ||| qw: Version: 0.3-a-158-g18b3111
     0 | D:1      | 0 ||| qw: Game counter: 4150
     0 | D:1      | 0 ||| qw: Melee chars always use a shield: true
     0 | D:1      | 0 ||| qw: God list: Okawaru
     0 | D:1      | 0 ||| qw: Allow faded altars: false
     0 | D:1      | 0 ||| qw: Do Orc after clearing Dungeon:15 true
     0 | D:1      | 0 ||| qw: Do second Lair branch before Depths: true
     0 | D:1      | 0 ||| qw: Lair rune preference: random
     0 | D:1      | 0 ||| qw: Goals: Normal
     0 | D:1      | 0 ||| PLANNING D:1-11
    75 | D:1      | Reached skill level 3 in Dodging
   196 | D:1      | Reached XP level 2. HP: 14/14 MP: 3/3
   487 | D:1      | Found Quntol's Armour Emporium.
   502 | D:1      | 502 ||| SHOPLISTING +0 cloak (58 gold, have 47).
   603 | D:1      | 603 ||| UPGRADING to +2 hat.
   608 | D:1      | 608 ||| READING scroll labelled IZORAT MOEGGIU.
   609 | D:1      | 609 ||| READING scroll labelled QOUCEL ESSO.
   610 | D:1      | 610 ||| DROPPING scroll of butterflies.
  1255 | D:2      | 1255 ||| READING scroll labelled GOWNEWIY VOUMM.
  1256 | D:2      | 1256 ||| READING scroll labelled XITYNGA RUWKAE.
  1256 | D:2      | 1256 ||| ENCHANTING +0 shortbow.
  1258 | D:2      | 1258 ||| Stepping ~*~*~tactically~*~*~ (cloud).
  1260 | D:2      | HP: 3/14 [poisoned by you (poison gas)]
  1261 | D:2      | HP: 1/14 [poisoned by you (poison gas)]
  1262 | D:2      | Succumbed to their own poison gas

Levels and vault maps discovered:
D:1:      matt_arrival_refuge, layout_basic, serial_shops, shop
D:2:      layout_loops_ring

Skill      XL: |  1  2 |
---------------+-------+-----
Dodging        | 3 4 |  4.0
Fighting       | |  1.5
Ranged Weapons | |  4.3
Stealth        | |  1.5

Action                     || total
---------------------------++-------
   Fire: Shortbow          ||    59
    Use: Scroll            ||     4
 Armour: Robe              ||     2
  Dodge: Dodged            ||     5

Table legend:
 A = Non-vault XP
 B = Vault XP
 C = Vault XP percentage of total XP
 D = Non-vault monster count
 E = Vault monster count
 F = Vault count percentage of total count
                 A         B        C        D         E       F
            +---------+---------+-------+---------+---------+-------
      Total |      38 |       0 |   0.0 |      25 |       0 |   0.0
            +---------+---------+-------+---------+---------+-------
        D:1 |      21 |       0 |   0.0 |      15 |       0 |   0.0
        D:2 |      17 |       0 |   0.0 |      10 |       0 |   0.0
            +---------+---------+-------+---------+---------+-------
